| TOP OF THE 1ST |
|
Vermont Lake Monsters batting - Pitching for Lowell Spinners : RHP Victor Escobar
|
|
Pitching: RHP Victor Escobar
|
|
|
Batting: RHB Carlos Martinez
|
0-0: Ball 1-0: Ball 2-0: Ball 3-0: Called Strike 3-1: Fly out, F7 (Line Drive, 78D, EV 98.8 MPH)
|
|
Batting: RHB Bastiaan Leenders
|
0-0: Called Strike 0-1: Foul Ball, location: 2F 0-2: Ball 1-2: Ball 2-2: Ball 3-2: Fly out, F7 (Line Drive, 78M, EV 108.8 MPH)
|
|
Batting: LHB Cy Ostrowski
|
0-0: Called Strike 0-1: Swinging Strike 0-2: Foul Ball, location: 2F 0-2: Foul Ball, location: 2F 0-2: Strikes out swinging
|
| Top of the 1st over - 0 runs, 0 hits, 0 errors, 0 left on base; Vermont 0 - Lowell 0 |
| BOTTOM OF THE 1ST |
|
Lowell Spinners batting - Pitching for Vermont Lake Monsters : LHP Kevin Clark
|
|
Pitching: LHP Kevin Clark
|
|
|
Batting: RHB Sal Rivera
|
0-0: Called Strike 0-1: Ball 1-1: Fly out, F8 (Flyball, 8LD, EV 110.0 MPH)
|
|
Batting: LHB Sergio Tinoco
|
0-0: Called Strike 0-1: Ground out 6-3 (Groundball, P, EV 87.5 MPH)
|
|
Batting: RHB Paul Long
|
0-0: Ball 1-0: Swinging Strike 1-1: Foul Ball, location: 2F 1-2: Strikes out looking
|
| Bottom of the 1st over - 0 runs, 0 hits, 0 errors, 0 left on base; Vermont 0 - Lowell 0 |
| TOP OF THE 2ND |
|
Vermont Lake Monsters batting - Pitching for Lowell Spinners : RHP Victor Escobar
|
|
Batting: RHB Edgar Landim
|
0-0: Foul Ball, location: 2F 0-1: Called Strike 0-2: Ground out 5-3 (Groundball, 56, EV 86.2 MPH)
|
|
Batting: LHB Miguel Torres
|
0-0: Fly out, F9 (Flyball, 89S, EV 88.1 MPH)
|
|
Batting: RHB Fathi Addae
|
0-0: Ball 1-0: SINGLE (Groundball, 6, EV 97.5 MPH)
|
|
Batting: RHB Dave Vezina
|
0-0: Called Strike 0-1: Ball 1-1: Called Strike 1-2: Ball 2-2: Foul Ball, location: 2F 2-2: Foul Ball, location: 2F 2-2: Ball 3-2: Strikes out looking
|
| Top of the 2nd over - 0 runs, 1 hit, 0 errors, 1 left on base; Vermont 0 - Lowell 0 |
| BOTTOM OF THE 2ND |
|
Lowell Spinners batting - Pitching for Vermont Lake Monsters : LHP Kevin Clark
|
|
Batting: LHB Frank Olivo
|
0-0: Ball 1-0: DOUBLE (Flyball, 78D, EV 90.6 MPH)
|
|
Batting: RHB Alex Cardenas
|
0-0: Ball 1-0: Called Strike 1-1: Ball 2-1: Swinging Strike Passed Ball! Frank Olivo to third 2-2: Ball 3-2: Strikes out swinging
|
|
Batting: RHB Travis Campbell
|
0-0: Called Strike 0-1: Ball 1-1: Ball 2-1: Swinging Strike 2-2: Strikes out swinging
|
|
Batting: RHB Joe Sandoval
|
0-0: Ball Wild Pitch! Frank Olivo scores 1-0: Called Strike 1-1: Swinging Strike 1-2: Strikes out swinging
|
| Bottom of the 2nd over - 1 run, 1 hit, 0 errors, 0 left on base; Vermont 0 - Lowell 1 |
| TOP OF THE 3RD |
|
Vermont Lake Monsters batting - Pitching for Lowell Spinners : RHP Victor Escobar
|
|
Batting: RHB D.J. Torres
|
0-0: Ball 1-0: Foul Ball, location: 2F 1-1: Foul Ball, location: 2F 1-2: Ball 2-2: Ground out 6-3 (Groundball, 6, EV 97.5 MPH)
|
|
Batting: RHB Justin Menotti
|
0-0: Ground out 6-3 (Groundball, 6, EV 103.1 MPH)
|
|
Batting: RHB Carlos Martinez
|
0-0: Ball 1-0: Foul Ball, location: 2F 1-1: Called Strike 1-2: Strikes out looking
|
| Top of the 3rd over - 0 runs, 0 hits, 0 errors, 0 left on base; Vermont 0 - Lowell 1 |
| BOTTOM OF THE 3RD |
|
Lowell Spinners batting - Pitching for Vermont Lake Monsters : LHP Kevin Clark
|
|
Batting: RHB Jose Molina
|
0-0: Foul Ball, location: 2F 0-1: Foul Ball, location: 2F 0-2: Ball 1-2: Ball 2-2: Strikes out swinging
|
|
Batting: RHB Dominique Paolozzi
|
0-0: Ball 1-0: Foul Ball, location: 2F 1-1: Foul Ball, location: 2F 1-2: Strikes out swinging
|
|
Batting: RHB Sal Rivera
|
0-0: Called Strike 0-1: Swinging Strike 0-2: Foul Ball, location: 2F 0-2: Strikes out swinging
|
| Bottom of the 3rd over - 0 runs, 0 hits, 0 errors, 0 left on base; Vermont 0 - Lowell 1 |
| TOP OF THE 4TH |
|
Vermont Lake Monsters batting - Pitching for Lowell Spinners : RHP Victor Escobar
|
|
Batting: RHB Bastiaan Leenders
|
0-0: Ball 1-0: Called Strike 1-1: Swinging Strike 1-2: Hit by Pitch
|
|
Batting: LHB Cy Ostrowski
|
0-0: Swinging Strike 0-1: Swinging Strike 0-2: SINGLE (Groundball, 4D, EV 106.9 MPH) Bastiaan Leenders to second Runner from 2nd tries for 3rd, SAFE, throw by CF made to third
|
|
Batting: RHB Edgar Landim
|
0-0: Foul Ball, location: 2F 0-1: Fielders Choice at 2nd, 6-4 (Groundball, 6, EV 85.6 MPH) Bastiaan Leenders scores
|
|
Batting: LHB Miguel Torres
|
0-0: Swinging Strike 0-1: SINGLE (Line Drive, 4D, EV 96.9 MPH) Edgar Landim to second
|
|
Batting: RHB Fathi Addae
|
0-0: Called Strike 0-1: Swinging Strike 0-2: Foul Ball, location: 2F 0-2: Ball 1-2: Ball 2-2: Ball 3-2: Ground out 6-3 (Groundball, 56D, EV 101.2 MPH) Edgar Landim to third Miguel Torres to second
|
|
Batting: RHB Dave Vezina
|
0-0: Swinging Strike 0-1: Swinging Strike 0-2: Ball 1-2: Ball 2-2: Strikes out swinging
|
| Top of the 4th over - 1 run, 2 hits, 0 errors, 2 left on base; Vermont 1 - Lowell 1 |
| BOTTOM OF THE 4TH |
|
Lowell Spinners batting - Pitching for Vermont Lake Monsters : LHP Kevin Clark
|
|
Batting: LHB Sergio Tinoco
|
0-0: Ground out 5-3 (Groundball, 56, EV 85.6 MPH)
|
|
Batting: RHB Paul Long
|
0-0: Called Strike 0-1: Foul Ball, location: 2F 0-2: Ball 1-2: Strikes out swinging
|
|
Batting: LHB Frank Olivo
|
0-0: Called Strike 0-1: Swinging Strike 0-2: Ball 1-2: Foul Ball, location: 2F 1-2: Ground out U3 (Groundball, 3L, EV 86.9 MPH)
|
| Bottom of the 4th over - 0 runs, 0 hits, 0 errors, 0 left on base; Vermont 1 - Lowell 1 |
| TOP OF THE 5TH |
|
Vermont Lake Monsters batting - Pitching for Lowell Spinners : RHP Victor Escobar
|
|
Batting: RHB D.J. Torres
|
0-0: Ball 1-0: Foul Ball, location: 2F 1-1: Foul Ball, location: 2F 1-2: SINGLE (Groundball, 6MD, EV 104.4 MPH)
|
|
Batting: RHB Justin Menotti
|
0-0: Called Strike 0-1: Foul Ball, location: 2F 0-2: Strikes out swinging
|
|
Batting: RHB Carlos Martinez
|
0-0: Foul Ball, location: 2F 0-1: Ball 1-1: Called Strike 1-2: Ball 2-2: Strikes out looking
|
|
Batting: RHB Bastiaan Leenders
|
0-0: Ball 1-0: Fly out, F8 (Flyball, 8LD, EV 79.4 MPH)
|
| Top of the 5th over - 0 runs, 1 hit, 0 errors, 1 left on base; Vermont 1 - Lowell 1 |
| BOTTOM OF THE 5TH |
|
Lowell Spinners batting - Pitching for Vermont Lake Monsters : LHP Kevin Clark
|
|
Batting: RHB Alex Cardenas
|
0-0: Called Strike 0-1: Fly out, F3 (Popup, 23F, EV 91.2 MPH)
|
|
Batting: RHB Travis Campbell
|
0-0: Fly out, F7 (Flyball, 7D, EV 91.2 MPH)
|
|
Batting: RHB Joe Sandoval
|
0-0: Swinging Strike 0-1: Ball 1-1: Foul Ball, location: 2F 1-2: Foul Ball, location: 2F 1-2: Foul Ball, location: 2F 1-2: Strikes out swinging
|
| Bottom of the 5th over - 0 runs, 0 hits, 0 errors, 0 left on base; Vermont 1 - Lowell 1 |
| TOP OF THE 6TH |
|
Vermont Lake Monsters batting - Pitching for Lowell Spinners : RHP Victor Escobar
|
|
Batting: LHB Cy Ostrowski
|
0-0: SOLO HOME RUN (Flyball, 9LD, EV 90.6 MPH), Distance : 330 ft
|
|
Batting: RHB Edgar Landim
|
0-0: Ground out U3 (Groundball, 3, EV 84.4 MPH)
|
|
Batting: LHB Miguel Torres
|
0-0: Ball 1-0: Called Strike 1-1: Foul Ball, location: 2F 1-2: Ball 2-2: Ground out 4-3 (Groundball, 4S, EV 90.0 MPH)
|
|
Batting: RHB Fathi Addae
|
0-0: Ball 1-0: Fly out, F9 (Flyball, 9D, EV 104.4 MPH)
|
| Top of the 6th over - 1 run, 1 hit, 0 errors, 0 left on base; Vermont 2 - Lowell 1 |
| BOTTOM OF THE 6TH |
|
Lowell Spinners batting - Pitching for Vermont Lake Monsters : LHP Kevin Clark
|
|
Batting: RHB Jose Molina
|
0-0: Foul Ball, location: 2F 0-1: Called Strike 0-2: Ball 1-2: Ball 2-2: SINGLE (Line Drive, 89M, EV 108.1 MPH)
|
|
Batting: RHB Dominique Paolozzi
|
0-0: DOUBLE (Flyball, 78XD, EV 100.6 MPH) Jose Molina to third Runner from 3rd tries for Home, SAFE, throw by CF to home
|
|
Batting: RHB Sal Rivera
|
0-0: Intentional Walk
|
|
Pinch Runner at 2nd Curt Stallings:
|
|
|
Batting: LHB Sergio Tinoco
|
0-0: Called Strike 0-1: Ball 1-1: Called Strike 1-2: Foul Ball, location: 2F 1-2: Ball 2-2: Strikes out swinging
|
|
Batting: RHB Paul Long
|
0-0: Called Strike 0-1: Ball 1-1: Fly out, F7 (Flyball, 7, EV 73.1 MPH)
|
|
Batting: LHB Frank Olivo
|
0-0: Ball 1-0: Foul Ball, location: 2F 1-1: Ground out 1-3 (Groundball, 13, EV 70.0 MPH)
|
| Bottom of the 6th over - 1 run, 2 hits, 0 errors, 2 left on base; Vermont 2 - Lowell 2 |
| TOP OF THE 7TH |
|
Vermont Lake Monsters batting - Pitching for Lowell Spinners : RHP Victor Escobar
|
|
Batting: RHB Dave Vezina
|
0-0: Ball 1-0: Swinging Strike 1-1: Ground out 5-3 (Groundball, 56, EV 87.5 MPH)
|
|
Batting: RHB D.J. Torres
|
0-0: Ball 1-0: Ball 2-0: Foul Ball, location: 2F 2-1: Ground out 4-3 (Groundball, 4M, EV 101.9 MPH)
|
|
Batting: RHB Justin Menotti
|
0-0: Ball 1-0: Ball 2-0: Ball 3-0: Base on Balls
|
|
Pitching: LHP Chris Woodruff
|
|
|
Batting: RHB Carlos Martinez
|
0-0: Ball 1-0: Called Strike Justin Menotti steals 2nd base 1-1: Ball 2-1: SINGLE (Groundball, 4S, EV 70.0 MPH) (infield hit) Justin Menotti to third
|
|
Batting: RHB Bastiaan Leenders
|
0-0: Ball 1-0: Called Strike 1-1: Swinging Strike 1-2: Strikes out swinging
|
| Top of the 7th over - 0 runs, 1 hit, 0 errors, 2 left on base; Vermont 2 - Lowell 2 |
| BOTTOM OF THE 7TH |
|
Lowell Spinners batting - Pitching for Vermont Lake Monsters : LHP Kevin Clark
|
|
Pitching: RHP Mike Bowling
|
|
|
Batting: RHB Alex Cardenas
|
0-0: Swinging Strike 0-1: Ball 1-1: Swinging Strike 1-2: Foul Ball, location: 2F 1-2: Ball 2-2: Ball 3-2: Strikes out swinging
|
|
Batting: RHB Travis Campbell
|
0-0: Ball 1-0: Ball 2-0: Foul Ball, location: 2F 2-1: Foul Ball, location: 2F 2-2: Foul Ball, location: 2F 2-2: Foul Ball, location: 2F 2-2: Foul Ball, location: 2F 2-2: Strikes out looking
|
|
Batting: RHB Joe Sandoval
|
0-0: Called Strike 0-1: Ball 1-1: Ball 2-1: Swinging Strike 2-2: Strikes out looking
|
| Bottom of the 7th over - 0 runs, 0 hits, 0 errors, 0 left on base; Vermont 2 - Lowell 2 |
| TOP OF THE 8TH |
|
Vermont Lake Monsters batting - Pitching for Lowell Spinners : LHP Chris Woodruff
|
|
Pitching: LHP Joe Starcher
|
|
|
Batting: LHB Cy Ostrowski
|
0-0: Called Strike 0-1: Ball 1-1: Ball 2-1: Foul Ball, location: 2F 2-2: Strikes out swinging
|
|
Batting: RHB Edgar Landim
|
0-0: Swinging Strike 0-1: Ball 1-1: Called Strike 1-2: Strikes out swinging, 2-3 out at first.
|
|
Pinch Hitting: RHB Manny Moron
|
0-0: Foul Ball, location: 2F 0-1: Foul Ball, location: 2F 0-2: Ball 1-2: Strikes out swinging
|
| Top of the 8th over - 0 runs, 0 hits, 0 errors, 0 left on base; Vermont 2 - Lowell 2 |
| BOTTOM OF THE 8TH |
|
Lowell Spinners batting - Pitching for Vermont Lake Monsters : RHP Mike Bowling
|
|
Now in RF: Manny Moron
|
|
|
Batting: RHB Jose Molina
|
0-0: Ball 1-0: Ball 2-0: Called Strike 2-1: Called Strike 2-2: Foul Ball, location: 2F 2-2: Strikes out swinging
|
|
Batting: RHB Curt Stallings
|
0-0: Ball 1-0: Called Strike 1-1: SINGLE (Groundball, 6MD, EV 83.8 MPH) (infield hit)
|
|
Batting: RHB Sal Rivera
|
0-0: Called Strike 0-1: Ball 1-1: Ball 2-1: Reached on error, E4 (Groundball, 4S, EV 78.8 MPH) Curt Stallings to second
|
|
Batting: LHB Sergio Tinoco
|
0-0: Foul Ball, location: 2F 0-1: Ball Curt Stallings is caught stealing 3rd base 2-5 Sal Rivera to second 1-1: Intentional Walk
|
|
Pinch Hitting: SHB Eric Evans
|
0-0: Called Strike 0-1: Foul Ball, location: 2F 0-2: SINGLE (Line Drive, 4, EV 97.5 MPH) Sal Rivera to third Sergio Tinoco to second Runner from 3rd tries for Home, SAFE, throw by RF to home
|
|
Batting: LHB Frank Olivo
|
0-0: Ball 1-0: Swinging Strike 1-1: Foul Ball, location: 2F 1-2: Foul Ball, location: 2F 1-2: Foul Ball, location: 2F 1-2: Ball 2-2: Strikes out swinging
|
| Bottom of the 8th over - 1 run, 2 hits, 1 error, 2 left on base; Vermont 2 - Lowell 3 |
| TOP OF THE 9TH |
|
Vermont Lake Monsters batting - Pitching for Lowell Spinners : LHP Joe Starcher
|
|
Now at C: Josh Smith
|
|
|
Batting: RHB Fathi Addae
|
0-0: Called Strike 0-1: Swinging Strike 0-2: Strikes out swinging
|
|
Batting: RHB Dave Vezina
|
0-0: Ball 1-0: Foul Ball, location: 2F 1-1: Swinging Strike 1-2: Foul Ball, location: 2F 1-2: Ball 2-2: Hit by Pitch
|
|
Batting: RHB D.J. Torres
|
0-0: Ball 1-0: Grounds into double play, 4-6-3 (Groundball, 4M, EV 81.2 MPH)
|
| Top of the 9th over - 0 runs, 0 hits, 0 errors, 0 left on base; Vermont 2 - Lowell 3 |
|